MLB
BOSTON RED SOX @ OAKLAND ATHLETICS
04/13/2020
 
TOP OF THE 1ST
Boston Red Sox batting - Pitching for Oakland Athletics : LHP Jordan Montgomery
Pitching: LHP Jordan Montgomery
Batting: RHB Victor Robles 0-0: Called Strike
0-1: Called Strike
0-2: SOLO HOME RUN (Line Drive, 7D, EV 97.5 MPH), Distance : 398 ft
Batting: SHB Marwin Gonzalez 0-0: Ground out U3 (Groundball, 13, EV 79.4 MPH)
Batting: LHB Matt Carpenter 0-0: Fly out, F7 (Flyball, 7S, EV 88.8 MPH)
Batting: RHB Wilson Ramos 0-0: Ball
1-0: Ball
2-0: Foul Ball, location: 2F
2-1: Foul Ball, location: 2F
2-2: SOLO HOME RUN (Flyball, 7LD, EV 99.4 MPH), Distance : 362 ft
Batting: RHB Ronaldo Hernandez 0-0: Called Strike
0-1: Ball
1-1: Ball
2-1: Called Strike
2-2: Foul Ball, location: 2F
2-2: Strikes out swinging
Top of the 1st over - 2 runs, 2 hits, 0 errors, 0 left on base; Boston 2 - Oakland 0
BOTTOM OF THE 1ST
Oakland Athletics batting - Pitching for Boston Red Sox : RHP Logan Webb
Pitching: RHP Logan Webb
Batting: LHB Brock Holt 0-0: Ball
1-0: Ball
2-0: Ball
3-0: Base on Balls
Batting: LHB Joey Votto 0-0: Foul Ball, location: 2F
0-1: Grounds into double play, 4-6-3 (Groundball, 4, EV 84.4 MPH)
Batting: RHB Luke Voit 0-0: Ball
1-0: SINGLE (Flyball, 9LS, EV 92.5 MPH)
Batting: RHB Nick Castellanos 0-0: Fielders Choice at 2nd, 6-4 (Groundball, 6, EV 88.8 MPH)
Bottom of the 1st over - 0 runs, 1 hit, 0 errors, 1 left on base; Boston 2 - Oakland 0
TOP OF THE 2ND
Boston Red Sox batting - Pitching for Oakland Athletics : LHP Jordan Montgomery
Batting: RHB Steven Souza Jr. 0-0: Called Strike
0-1: Ground out 5-3 (Groundball, 5, EV 100.0 MPH)
Batting: SHB Kaleb Cowart 0-0: Ball
1-0: Bunt for hit to 13 - play at first, batter safe!
Batting: LHB J.P. Crawford 0-0: Swinging Strike
Passed Ball!
Kaleb Cowart to second
0-1: Called Strike
Kaleb Cowart steals 3rd base
0-2: Ball
1-2: Fly out, F7 (Flyball, 78S, EV 86.3 MPH)
Batting: SHB Willi Castro 0-0: Ball
1-0: Foul Ball, location: 2F
1-1: 2-RUN HOME RUN (Flyball, 9LD, EV 98.1 MPH), Distance : 346 ft
Batting: RHB Victor Robles 0-0: Called Strike
0-1: Ground out 6-3 (Groundball, 6M, EV 88.8 MPH)
Top of the 2nd over - 2 runs, 2 hits, 0 errors, 0 left on base; Boston 4 - Oakland 0
BOTTOM OF THE 2ND
Oakland Athletics batting - Pitching for Boston Red Sox : RHP Logan Webb
Batting: LHB Mike Tauchman 0-0: SINGLE (Line Drive, 3D, EV 105.0 MPH)
Batting: RHB Ramon Laureano 0-0: Ball
1-0: Swinging Strike
1-1: Foul Ball, location: 2F
1-2: Grounds into double play, 6-4-3 (Groundball, 6, EV 94.4 MPH)
Batting: RHB Yandy Diaz 0-0: Ball
1-0: Called Strike
1-1: Foul Ball, location: 2F
1-2: Ball
2-2: Foul Ball, location: 2F
2-2: Ball
3-2: Fly out, F4 (Popup, 4, EV 61.3 MPH)
Bottom of the 2nd over - 0 runs, 1 hit, 0 errors, 0 left on base; Boston 4 - Oakland 0
TOP OF THE 3RD
Boston Red Sox batting - Pitching for Oakland Athletics : LHP Jordan Montgomery
Batting: SHB Marwin Gonzalez 0-0: Ball
1-0: Ball
2-0: Ball
3-0: Called Strike
3-1: Foul Ball, location: 2F
3-2: Strikes out swinging
Batting: LHB Matt Carpenter 0-0: Called Strike
0-1: Ground out U3 (Groundball, 3, EV 91.9 MPH)
Batting: RHB Wilson Ramos 0-0: Ball
1-0: SINGLE (Groundball, 56D, EV 93.8 MPH)
Batting: RHB Ronaldo Hernandez 0-0: Foul Ball, location: 2F
0-1: Foul Ball, location: 2F
0-2: 2-RUN HOME RUN (Flyball, 7D, EV 103.1 MPH), Distance : 401 ft
Batting: RHB Steven Souza Jr. 0-0: Called Strike
0-1: Foul Ball, location: 2F
0-2: Ball
1-2: Foul Ball, location: 2F
1-2: Strikes out swinging
Top of the 3rd over - 2 runs, 2 hits, 0 errors, 0 left on base; Boston 6 - Oakland 0
BOTTOM OF THE 3RD
Oakland Athletics batting - Pitching for Boston Red Sox : RHP Logan Webb
Batting: RHB Kurt Suzuki 0-0: Ball
1-0: Ball
2-0: Called Strike
2-1: Fly out, F7 (Flyball, 78M, EV 77.5 MPH)
Batting: SHB Freddy Galvis 0-0: Ball
1-0: Ball
2-0: Foul Ball, location: 2F
2-1: Foul Ball, location: 2F
2-2: Foul Ball, location: 2F
2-2: Ball
3-2: Foul Ball, location: 2F
3-2: SINGLE (Line Drive, 78S, EV 111.9 MPH)
Batting: LHB Brock Holt 0-0: Called Strike
0-1: Called Strike
0-2: Ball
1-2: Ball
2-2: Foul Ball, location: 2F
2-2: Foul Ball, location: 2F
2-2: Fielders Choice at 2nd, U6 (Groundball, 4M, EV 79.4 MPH)
Batting: LHB Joey Votto 0-0: Ball
1-0: Called Strike
1-1: Foul Ball, location: 2F
1-2: Fly out, F7 (Line Drive, 7, EV 86.9 MPH)
Bottom of the 3rd over - 0 runs, 1 hit, 0 errors, 1 left on base; Boston 6 - Oakland 0
TOP OF THE 4TH
Boston Red Sox batting - Pitching for Oakland Athletics : LHP Jordan Montgomery
Batting: SHB Kaleb Cowart 0-0: Called Strike
0-1: Foul Ball, location: 2F
0-2: Ball
1-2: Strikes out swinging
Batting: LHB J.P. Crawford 0-0: Called Strike
0-1: Ball
1-1: Fly out, F9 (Flyball, 9S, EV 88.1 MPH)
Pitching: LHP Aaron Bummer
Batting: SHB Willi Castro 0-0: Called Strike
0-1: SINGLE (Groundball, 15S, EV 71.3 MPH) (infield hit)
Batting: RHB Victor Robles 0-0: Called Strike
0-1: Ball
1-1: Called Strike
1-2: Strikes out looking
Top of the 4th over - 0 runs, 1 hit, 0 errors, 1 left on base; Boston 6 - Oakland 0
BOTTOM OF THE 4TH
Oakland Athletics batting - Pitching for Boston Red Sox : RHP Logan Webb
Batting: RHB Luke Voit 0-0: Ball
1-0: Fly out, F6 (Flyball, 6D, EV 81.9 MPH)
Batting: RHB Nick Castellanos 0-0: Ball
1-0: Ball
2-0: Fly out, F8 (Flyball, 8RD, EV 85.0 MPH)
Batting: LHB Mike Tauchman 0-0: Ball
1-0: SINGLE (Groundball, 34D, EV 95.0 MPH)
Batting: RHB Ramon Laureano 0-0: Called Strike
0-1: Ball
1-1: Foul Ball, location: 2F
1-2: Ball
2-2: Ball
3-2: Foul Ball, location: 2F
3-2: 2-RUN HOME RUN (Flyball, 8LXD, EV 103.1 MPH), Distance : 451 ft
Batting: RHB Yandy Diaz 0-0: Ball
1-0: Called Strike
1-1: Ground out 3-1 (Groundball, 34, EV 84.4 MPH)
Bottom of the 4th over - 2 runs, 2 hits, 0 errors, 0 left on base; Boston 6 - Oakland 2
TOP OF THE 5TH
Boston Red Sox batting - Pitching for Oakland Athletics : LHP Aaron Bummer
Batting: SHB Marwin Gonzalez 0-0: Swinging Strike
0-1: Foul Ball, location: 2F
0-2: Strikes out swinging
Batting: LHB Matt Carpenter 0-0: Ball
1-0: Swinging Strike
1-1: Foul Ball, location: 2F
1-2: Foul Ball, location: 2F
1-2: Ball
2-2: Ground out 4-3 (Groundball, 34, EV 76.9 MPH)
Batting: RHB Wilson Ramos 0-0: Ball
1-0: Foul Ball, location: 2F
1-1: Ball
2-1: SINGLE (Flyball, 78S, EV 96.3 MPH)
Batting: RHB Ronaldo Hernandez 0-0: Ball
1-0: Foul Ball, location: 2F
1-1: Ball
2-1: Ball
3-1: Fly out, F6 (Popup, 4MD, EV 45.0 MPH)
Top of the 5th over - 0 runs, 1 hit, 0 errors, 1 left on base; Boston 6 - Oakland 2
BOTTOM OF THE 5TH
Oakland Athletics batting - Pitching for Boston Red Sox : RHP Logan Webb
Batting: RHB Kurt Suzuki 0-0: Ground out 4-3 (Groundball, 6M, EV 88.1 MPH)
Batting: SHB Freddy Galvis 0-0: Ground out 6-3 (Groundball, 6, EV 79.4 MPH)
Batting: LHB Brock Holt 0-0: Foul Ball, location: 2F
0-1: Ball
1-1: Ball
2-1: Foul Ball, location: 2F
2-2: Ball
3-2: Fly out, F8 (Line Drive, 8RD, EV 93.8 MPH)
Bottom of the 5th over - 0 runs, 0 hits, 0 errors, 0 left on base; Boston 6 - Oakland 2
TOP OF THE 6TH
Boston Red Sox batting - Pitching for Oakland Athletics : LHP Aaron Bummer
Batting: RHB Steven Souza Jr. 0-0: Ball
1-0: Called Strike
1-1: Ball
2-1: Swinging Strike
2-2: Foul Ball, location: 2F
2-2: DOUBLE (Flyball, 78XD, EV 101.3 MPH)
Batting: SHB Kaleb Cowart 0-0: Called Strike
0-1: Ball
1-1: Foul Ball, location: 2F
1-2: Ball
2-2: Ball
3-2: Strikes out swinging
Batting: LHB J.P. Crawford 0-0: Swinging Strike
0-1: Foul Ball, location: 2F
0-2: Ball
1-2: Ball
2-2: Strikes out swinging
Pitching: RHP Ty Buttrey
Batting: SHB Willi Castro 0-0: Called Strike
0-1: Ball
1-1: Ball
2-1: Ball
3-1: Base on Balls
Batting: RHB Victor Robles 0-0: Fly out, F7 (Flyball, 78M, EV 86.3 MPH)
Top of the 6th over - 0 runs, 1 hit, 0 errors, 2 left on base; Boston 6 - Oakland 2
BOTTOM OF THE 6TH
Oakland Athletics batting - Pitching for Boston Red Sox : RHP Logan Webb
Batting: LHB Joey Votto 0-0: Ball
1-0: Ground out U3 (Groundball, 34, EV 101.9 MPH)
Batting: RHB Luke Voit 0-0: Called Strike
0-1: Called Strike
0-2: Ball
1-2: Foul Ball, location: 2F
1-2: Ball
2-2: Ball
3-2: Ground out 5-3 (Groundball, 5S, EV 88.8 MPH)
Batting: RHB Nick Castellanos 0-0: Ball
1-0: Called Strike
1-1: Swinging Strike
1-2: Ball
2-2: Ball
3-2: Foul Ball, location: 2F
3-2: Foul Ball, location: 2F
3-2: Foul Ball, location: 2F
3-2: Strikes out swinging
Bottom of the 6th over - 0 runs, 0 hits, 0 errors, 0 left on base; Boston 6 - Oakland 2
TOP OF THE 7TH
Boston Red Sox batting - Pitching for Oakland Athletics : RHP Ty Buttrey
Batting: SHB Marwin Gonzalez 0-0: Called Strike
0-1: Ground out 4-3 (Groundball, 4, EV 78.8 MPH)
Batting: LHB Matt Carpenter 0-0: Ball
1-0: Swinging Strike
1-1: Ball
2-1: Called Strike
2-2: Ball
3-2: Fly out, F9 (Flyball, 89M, EV 86.3 MPH)
Batting: RHB Wilson Ramos 0-0: Ball
1-0: Ball
2-0: Fly out, F9 (Flyball, 9S, EV 86.3 MPH)
Top of the 7th over - 0 runs, 0 hits, 0 errors, 0 left on base; Boston 6 - Oakland 2
BOTTOM OF THE 7TH
Oakland Athletics batting - Pitching for Boston Red Sox : RHP Logan Webb
Pitching: LHP Tommy Layne
Batting: LHB Mike Tauchman 0-0: Ball
1-0: Foul Ball, location: 2F
1-1: SINGLE (Line Drive, 89S, EV 90.0 MPH)
Batting: RHB Ramon Laureano 0-0: Swinging Strike
0-1: Grounds into double play, 6-4-3 (Groundball, 6, EV 93.8 MPH)
Batting: RHB Yandy Diaz 0-0: Ball
1-0: Called Strike
1-1: Ground out 4-3 (Groundball, 4, EV 81.3 MPH)
Bottom of the 7th over - 0 runs, 1 hit, 0 errors, 0 left on base; Boston 6 - Oakland 2
TOP OF THE 8TH
Boston Red Sox batting - Pitching for Oakland Athletics : RHP Ty Buttrey
Pitching: RHP Wilmer Font
Batting: RHB Ronaldo Hernandez 0-0: Called Strike
0-1: Foul Ball, location: 2F
0-2: Strikes out looking
Batting: RHB Steven Souza Jr. 0-0: Ball
1-0: Called Strike
1-1: Called Strike
1-2: Ball
2-2: Strikes out swinging
Batting: SHB Kaleb Cowart 0-0: Called Strike
0-1: Swinging Strike
0-2: Ball
1-2: Foul Ball, location: 2F
1-2: Strikes out looking
Top of the 8th over - 0 runs, 0 hits, 0 errors, 0 left on base; Boston 6 - Oakland 2
BOTTOM OF THE 8TH
Oakland Athletics batting - Pitching for Boston Red Sox : LHP Tommy Layne
Pitching: RHP Kyle Keller
Batting: RHB Kurt Suzuki 0-0: Ball
1-0: SOLO HOME RUN (Flyball, 7D, EV 92.5 MPH), Distance : 399 ft
Batting: SHB Freddy Galvis 0-0: Called Strike
0-1: Ball
1-1: Ball
2-1: Ball
3-1: Called Strike
3-2: Base on Balls
Batting: LHB Brock Holt 0-0: Called Strike
0-1: Foul Ball, location: 2F
0-2: Ball
1-2: Strikes out looking
Batting: LHB Joey Votto 0-0: Foul Ball, location: 2F
0-1: Fly out, F8 (Flyball, 8LM, EV 79.4 MPH)
Batting: RHB Luke Voit 0-0: Called Strike
0-1: Foul Ball, location: 2F
0-2: Ball
1-2: Ball
2-2: Strikes out swinging
Bottom of the 8th over - 1 run, 1 hit, 0 errors, 1 left on base; Boston 6 - Oakland 3
TOP OF THE 9TH
Boston Red Sox batting - Pitching for Oakland Athletics : RHP Wilmer Font
Pitching: RHP DeMarcus Evans
Batting: LHB J.P. Crawford 0-0: Ball
1-0: Foul Ball, location: 2F
1-1: Foul Ball, location: 2F
1-2: Fly out, F7 (Flyball, 78S, EV 93.8 MPH)
Batting: SHB Willi Castro 0-0: Ball
1-0: Ball
2-0: Foul Ball, location: 2F
2-1: Foul Ball, location: 2F
2-2: Ground out 5-3 (Groundball, 56, EV 88.1 MPH)
Batting: RHB Victor Robles 0-0: Foul Ball, location: 2F
0-1: Swinging Strike
0-2: Ball
1-2: Foul Ball, location: 2F
1-2: Ball
2-2: Strikes out swinging
Top of the 9th over - 0 runs, 0 hits, 0 errors, 0 left on base; Boston 6 - Oakland 3
BOTTOM OF THE 9TH
Oakland Athletics batting - Pitching for Boston Red Sox : RHP Kyle Keller
Pitching: RHP Edwin Diaz
Batting: RHB Nick Castellanos 0-0: Ball
1-0: Ball
2-0: Called Strike
2-1: Ball
3-1: Fly out, F5 (Flyball, 5D, EV 89.4 MPH)
Batting: LHB Mike Tauchman 0-0: Called Strike
0-1: Foul Ball, location: 2F
0-2: Ground out 6-3 (Groundball, 6M, EV 86.9 MPH)
Batting: RHB Ramon Laureano 0-0: Swinging Strike
0-1: Ball
1-1: Called Strike
1-2: Foul Ball, location: 2F
1-2: Strikes out swinging
Bottom of the 9th over - 0 runs, 0 hits, 0 errors, 0 left on base; Boston 6 - Oakland 3
Wednesday, June 3rd, 2020 - OOTP Baseball 21.3 Build 54